 Dungeon Crawl Stone Soup version 0.31.0-32-g396128a36d (webtiles) character file.

Game seed: 5969745102945099473

28 Zeor the Vexing (level 3, 0/20 HPs)
             Began as a Deep Elf Hexslinger on Apr 24, 2024.
             Slain by Terence
             ... wielding a +0 flail
              (2 damage)
             ... on level 2 of the Dungeon.
             The game lasted 00:02:22 (1028 turns).

Zeor the Vexing (Deep Elf Hexslinger)               Turns: 1028, Time: 00:02:23

Health: 0/20       AC:  2    Str:  5    XL:     3   Next: 0%
Magic:  7/8        EV: 13    Int: 19    God:
Gold:   35         SH:  0    Dex: 17    Spells: 1/6 levels left

rFire   . . .        a - +1 sling
rCold   . . .        (no shield)
rNeg    . . .        c - +0 robe
rPois   .            (no helmet)
rElec   .            (no cloak)
rCorr   .            (no gloves)
SInv    .            (no boots)
Will    .....        (no amulet)
Stlth   ++           (no ring)
HPRegen 0.23/turn    (no ring)
MPRegen 0.11/turn

%: no passive effects
@: weak-willed
A: no striking features
a: no special abilities


You were on level 2 of the Dungeon.
You visited 1 branch of the dungeon, and saw 2 of its levels.

You collected 35 gold pieces.

Inventory:

Hand Weapons
 a - a +1 sling (weapon)
Armour
 c - a +0 robe (worn)
Scrolls
 b - a scroll of poison
 d - a scroll of acquirement {unknown}
 e - a scroll of identify {unknown}
 f - a scroll of noise {unknown}


   Skills:
 + Level 0.7 Fighting
 * Level 3.8 Ranged Weapons
 + Level 2.6 Dodging
 * Level 2.1 Spellcasting
 + Level 4.3 Hexes
 + Level 1.2 Fire Magic


You had one spell level left.
You knew the following spells:

 Your Spells              Type           Power      Damage    Failure   Level
b - Sigil of Binding      Hex            18%        N/A       9%          3
j - Jinxbite              Hex            36%        N/A       4%          2

Your spell library contained the following spells:

 Spells                   Type           Power      Damage    Failure   Level
 Apportation              Tloc           4%         N/A       17%         1
 Necrotise                Necr           8%         1d4       17%         1
 Sting                    Conj/Alch      8%         1d3       17%         1
 Summon Small Mammal      Summ           8%         N/A       17%         1
 Inner Flame              Hex/Fire       12%        N/A       16%         3
 Cause Fear               Hex            9%         N/A       28%         4
 Dimensional Bullseye     Hex/Tloc       5%         N/A       56%         4


Dungeon Overview and Level Annotations

Branches:
Dungeon (2/15)

Altars:

Annotations:
D:2 Terence


Message History

Done exploring.
There is a stone staircase leading down here.
There is a stone staircase leading down here.
You climb downwards.
There is a stone staircase leading up here.
Found a stone staircase leading down.
Terence the Incautious comes into view.
He is wielding a +0 flail.
Casting: Jinxbite (safe; 4% risk of failure)
Confirm with . or Enter, or press ? or * to list all spells.
You beckon some vexing sprites to accompany your attacks.
You feel your willpower being sapped.
You shoot a sling bullet. The sling bullet hits Terence.
Terence is moderately wounded.
A giggling sprite leaps out and makes Terence trip over his own feet.
Terence is moderately wounded.
Terence hits you with a +0 flail.
You shoot a sling bullet. The sling bullet barely misses Terence.
A giggling sprite leaps out and insults Terence's ancestors.
Terence is severely wounded.
Terence closely misses you.
You shoot a sling bullet. The sling bullet barely misses Terence.
Terence hits you with a +0 flail.
You shoot a sling bullet. The sling bullet barely misses Terence.
A giggling sprite leaps out and bonks Terence with its +0 flail.
Terence is almost dead.
The jinxing sprites lose interest in you.
Terence closely misses you.
You shoot a sling bullet.
The sling bullet hits Terence but does no damage.
Terence is almost dead.
Terence hits you with a +0 flail. x2
* * * LOW HITPOINT WARNING * * *
You shoot a sling bullet. The sling bullet hits Terence.
Terence is almost dead.
Terence hits you with a +0 flail.
* * * LOW HITPOINT WARNING * * *
You shoot a sling bullet. The sling bullet barely misses Terence.
Terence hits you with a +0 flail.
You die...
Terence says, "That felt goooood."

▒∙▒ ▒∙▒ ▒∙▒ ▒∙▒
▒∙▒ ▒∙▒ ▒∙▒ ▒∙▒
▒e▒ ▒∙∙∙@∙∙∙∙▒
▒∙∙∙∙∙∙∙∙∙∙∙∙
∙∙∙∙∙▒∙∙∙▒▒∙▒▒▒
▒▒▒∙>∙∙∙∙▒ ▒
▒∙▒∙▒∙∙∙ ∙


∙∙∙∙∙∙ ∙▒∙▒∙∙▒▒▒∙ You could see Terence (very drained).

Vanquished Creatures
  2 dart slugs (D:1)
  2 bats (D:1)
  2 endoplasms (D:1)
  A giant cockroach (D:1)
  2 goblins (D:1)
  A quokka (D:1)
  6 ball pythons (D:1)
  4 kobolds (D:1)
  3 rats (D:1)
23 creatures vanquished.

Notes
Turn   | Place    | Note
-------+----------+-------------------------------------------
     0 | D:1      | Zeor the Deep Elf Hexslinger began the quest for the Orb.
     0 | D:1      | Reached XP level 1. HP: 11/11 MP: 5/5
   210 | D:1      | Reached XP level 2. HP: 16/16 MP: 7/7
   341 | D:1      | Learned a level 2 spell: Jinxbite
   907 | D:1      | Reached XP level 3. HP: 20/20 MP: 5/8
   911 | D:1      | Learned a level 3 spell: Sigil of Binding
  1020 | D:2      | Noticed Terence
  1028 | D:2      | Slain by Terence

Illustrated notes

Levels and vault maps discovered:
D:1:      dpeg_arrival_rooms_c, layout_basic
D:2:      layout_loops_ring, shapermc_ecumenical_altar_gd, minmay_tripent,
          uniq_terence

Skill      XL: |  1 |
---------------+----+-----
Spellcasting   | 2 |  2.1
Ranged Weapons | 3 |  3.8
Fighting       | |  0.7
Dodging        | |  2.6
Hexes          | |  4.3
Fire Magic     | |  1.2

Action                     || total
---------------------------++-------
   Fire: Sling             ||    55
   Cast: Jinxbite          ||     8
 Armour: Robe              ||    14
  Dodge: Dodged            ||    14
